AoeStats
← maneki_meko

Arabia

510518981Analyzed
1v1 RM · 2d ago on Oct 1, 2026· 28m 10s· 2 players
Game mode
Random Map
Map size
Tiny (2 player)
Population
200
Speed
Normal
Resources
Standard
Victory
Conquest
Starting age
Dark Age
Ending age
Imperial Age
RankedLock teamsTeams togetherTeam positionsShared explorationLock speedFull tech treeHidden civsTurbo modeCheats
Victory
Defeat
🇨🇱 Mapuche · Chile
516
+14
🇨🇦 Slavs · Canada
474
-14
maneki_meko
3:38 Loom
11:47 Feudal Age
14:37 Man-at-Arms
16:34 Double-Bit Axe
16:33 Horse Collar
20:05 Forging
19:56 Scale Mail Armor
20:53 Wheelbarrow
27:22 Castle Age
fabian8883073
0:58 Loom
13:15 Feudal Age
19:21 Castle Age
Connection lost

Rejoining the realm…

Still unreachable

The connection could not be restored.

Session expired

The server has moved on; the page needs a fresh start.